Map: Goldenaura LE

Players

Churchy

  • Race: Protoss Protoss
  • League: Bronze
  • Spawn Location: 5:00

demzi - Winner!

  • Race: Zerg Zerg
  • League: Diamond
  • Spawn Location: 12:00

VOD

Have the link to the VOD?

Description

Time

  • Played on: March 24, 2024, 7:44 p.m.
  • Length: 11:12
Show
View Real Time Build Order
Export as new Build Order

Churchy Protoss 

Build Orders:  

Get SALT Encoding   

  12  0:00  Probe  
  13  0:12  Probe  
  14  0:22  Pylon  
  14  0:24  Probe  
  15  0:40  Probe (Chrono Boost)  
  16  0:44  Gateway  
  17  0:51  Probe (Chrono Boost)  
  17  0:56  Probe (Chrono Boost)  
  17  1:03  Assimilator  
  18  1:06  Probe  
  19  1:14  Pylon  
  19  1:18  Probe  
  20  1:28  Forge  
  20  1:30  Probe  
  21  1:49  Nexus  
  21  1:52  Probe  
  22  2:02  Cybernetics Core  
  22  2:05  Probe  
  23  2:15  Assimilator  
  23  2:17  Probe  
  24  2:24  Pylon  
  24  2:29  Probe  
  25  2:38  Warp Gate  
  25  2:40  Sentry  
  25  2:41  Probe  
  28  2:50  Photon Cannon  
  28  2:53  Probe  
  28  2:55  Photon Cannon  
  29  3:03  Stalker  
  31  3:08  Probe x2  
  33  3:17  Protoss Ground Weapons Level 1  
  33  3:20  Probe x2  
  35  3:27  Assimilator  
  35  3:31  Assimilator  
  35  3:32  Probe x2  
  37  3:44  Probe x2  
  39  3:52  Gateway  
  39  3:53  Gateway  
  39  3:56  Probe x2  
  41  4:08  Probe x2  
  43  4:16  Stargate x2  
  43  4:20  Probe x2, Pylon  
  45  4:29  Pylon  
  45  4:32  Probe  
  45  4:33  Probe  
  45  4:34  Pylon  
  45  4:36  Pylon  
  47  4:45  Probe x2  
  49  4:47  Twilight Council  
  49  4:51  Sentry  
  51  4:57  Probe x2  
  53  5:09  Probe x2  
  63  5:17  Void Ray x2  
  63  5:20  Gateway  
  63  5:21  Gateway, Charge (Chrono Boost)  
  63  5:27  Protoss Ground Armor Level 1  
  63  5:39  Pylon  
  63  5:40  Stalker x2  
  63  5:42  Stalker  
  73  6:00  Void Ray  
  73  6:03  Void Ray, Pylon  
  77  6:04  Pylon  
  77  6:10  Stalker  
  79  6:11  Pylon  
  79  6:32  Pylon  
  83  6:41  Zealot  
  83  6:42  Zealot x2  
  83  6:43  Zealot x2, Void Ray (Chrono Boost)  
  97  6:53  Void Ray (Chrono Boost)  
  97  7:04  Zealot  
  97  7:05  Zealot x4  
  107  7:22  Robotics Facility  
  107  7:23  Pylon  
  106  7:41  Nexus  
  106  7:45  Stalker  
  106  7:46  Stalker x4  
  116  7:51  Pylon  
  116  7:53  Pylon  
  72  8:33  Stalker x2  
  72  8:34  Stalker x3  
  76  8:35  Protoss Ground Weapons Level 2  
  78  8:43  Robotics Bay  
  76  8:57  Zealot x3  
  76  8:58  Zealot x2  
  78  9:20  Robotics Facility  
  78  9:24  Gateway x2  
  78  9:25  Zealot x3  
  78  9:26  Zealot  
  78  9:27  Colossus (Chrono Boost)  
  78  9:28  Extended Thermal Lance (Chrono Boost)  
  92  9:42  Sentry  
  94  9:46  Nexus, Sentry x2  
  98  10:05  Colossus (Chrono Boost)  
  98  10:10  Colossus (Chrono Boost)  
  110  10:22  Zealot x4  
  118  10:28  Pylon  
  118  10:45  Zealot x4  
Show
View Real Time Build Order
Export as new Build Order

demzi Zerg - Winner!

Build Orders: Hatch First 

Get SALT Encoding   

  12  0:00  Drone  
  13  0:09  Drone  
  14  0:16  Overlord  
  14  0:35  Drone x2  
  16  0:50  Hatchery  
  16  0:53  Drone  
  16  0:57  Drone  
  17  1:06  Drone  
  17  1:10  Extractor  
  17  1:20  Spawning Pool  
  17  1:21  Drone  
  17  1:24  Drone  
  18  1:28  Drone  
  19  1:39  Drone  
  20  1:50  Overlord  
  20  2:07  Queen x2  
  20  2:08  Zergling x4  
  26  2:17  Drone  
  26  2:18  Overlord  
  27  2:27  Drone x2  
  29  2:34  Drone x2  
  31  2:45  Queen  
  31  2:46  Drone x2  
  35  3:05  Drone x2  
  37  3:17  Drone x4  
  41  3:22  Overlord  
  41  3:26  Drone  
  42  3:27  Hatchery  
  42  3:28  Drone  
  42  3:30  Drone x2  
  42  3:33  Extractor  
  43  3:39  Lair  
  43  3:42  Evolution Chamber  
  43  3:43  Drone x2  
  43  3:44  Evolution Chamber  
  43  3:45  Baneling Nest  
  43  3:46  Drone  
  43  3:50  Spore Crawler  
  43  3:54  Spore Crawler  
  43  3:55  Drone  
  42  3:56  Drone  
  42  3:57  Drone  
  42  3:59  Drone  
  42  4:01  Drone  
  46  4:08  Zergling x6  
  49  4:18  Zerg Melee Weapons Level 1  
  49  4:26  Drone x3  
  49  4:28  Overlord x3  
  52  4:37  Centrifugal Hooks  
  52  4:43  Drone x6  
  58  4:55  Drone  
  58  4:56  Extractor, Drone x3  
  58  4:58  Drone x5  
  66  5:03  Zerg Ground Armor Level 1  
  66  5:22  Spore Crawler  
  66  5:23  Drone x3  
  66  5:25  Zergling x8  
  66  5:26  Zergling x8  
  76  5:33  Hydralisk Den  
  75  5:42  Drone x3, Extractor  
  77  5:43  Drone x2  
  77  5:46  Baneling x4  
  77  5:47  Baneling x3, Overlord x2  
  77  5:48  Overlord  
  79  5:53  Overseer  
  79  5:56  Zergling x4  
  79  5:57  Zergling x2  
  82  6:06  Drone x2  
  82  6:10  Extractor  
  83  6:15  Hatchery  
  83  6:16  Hydralisk  
  83  6:17  Hydralisk x4  
  92  6:35  Muscular Augments  
  92  6:37  Overlord x2  
  92  6:38  Overlord x6  
  92  6:43  Drone x3  
  92  6:45  Drone  
  92  6:46  Drone x3  
  99  6:47  Extractor  
  99  6:49  Hydralisk x2  
  102  6:58  Zerg Missile Weapons Level 1  
  102  7:01  Zergling x2  
  102  7:02  Zergling x8  
  107  7:12  Hydralisk x3  
  107  7:15  Zergling x2  
  114  7:16  Zergling x10  
  117  7:30  Hydralisk  
  117  7:31  Hydralisk x2  
  117  7:32  Hydralisk  
  117  7:35  Zergling x10  
  132  7:48  Hatchery  
  131  7:54  Hatchery  
  128  8:11  Zergling x2  
  128  8:12  Zergling x22  
  121  8:34  Zergling x2, Hydralisk x10  
  118  8:40  Hatchery  
  137  8:44  Queen  
  135  8:58  Hydralisk x5  
  135  8:59  Hydralisk x4  
  141  9:16  Overlord x3  
  141  9:18  Zergling x16  
  141  9:19  Queen  
  151  9:28  Baneling x2  
  151  9:29  Baneling x12  
  151  9:32  Zergling x4  
  151  9:33  Zergling x6  
  156  9:59  Hydralisk x2  
  156  10:00  Zergling x2, Hydralisk  
  156  10:01  Zergling x28  
  177  10:09  Baneling  
  177  10:10  Baneling x11  
  177  10:14  Drone  
  177  10:15  Drone x6  
  177  10:17  Queen  
  186  10:21  Queen  
  148  11:04  Extractor  
  148  11:06  Extractor  
Tags
 
Matchup
PvZ
Replay Pack
Multiplayer
Spawn Locations
Cross Positions
Add a new tag
Caveats
  • Supply blocks, unpowered buildings, or Contaminate may cause inaccurate times.
  • Supply counts are checked every 10 seconds.